General information
- name: BNet
- type: Ladder team game (AT/RT)
- host: Battle.net
- saver: DEATHISADRUMMER
map: MarketSquare
- players: 8
- length: 21:54
- speed: Fast
- version: 1.28 W3XP
- replay type: Public
» download(114 KB)
Players
team 1 (loser)
DelroyIsANiger (
orange | 75 APM | 454 actions | 06:03)
3 Dark Ranger
2 Black Arrow
1 Silence
» actions
| Assign group hotkey | 13 | |
| Basic commands | 24 | |
| Build / train | 24 | |
| Enter build submenu | 14 | |
| Enter hero's abilities submenu | 3 | |
| Right click | 148 | |
| Select / deselect | 118 | |
| Select group hotkey | 91 | |
| Use ability | 19 | |
454 total
» units
» buildings
| Barracks | 1 | |
| Farm | 7 | |
| Altar of Kings | 1 | |
| Keep | 1 | |
| Town Hall | 2 | |
| Lumber Mill | 1 | |
| Castle | 1 | |
14 total
» build order
00:21 Barracks
00:35 Farm
00:48 Farm
01:05 Altar of Kings
01:57 Farm
02:56 Farm
03:33 Keep
04:27 Town Hall
04:34 Town Hall
05:12 Lumber Mill
05:17 Farm
05:56 Castle
ursilly (
yellow | 27 APM | 170 actions | 06:11)
1 Pit Lord
1 Howl of Terror
» actions
| Basic commands | 13 | |
| Build / train | 14 | |
| Enter build submenu | 12 | |
| Enter hero's abilities submenu | 1 | |
| Right click | 61 | |
| Select / deselect | 55 | |
| Use ability | 14 | |
170 total
» units
| Acolyte | 3 | |
| Ghoul | 4 | |
| Crypt Fiend | 3 | |
10 total
» buildings
| Ziggurat | 4 | |
| Crypt | 2 | |
| Altar of Darkness | 1 | |
| Graveyard | 1 | |
| Spirit Tower | 1 | |
| Tomb of Relics | 1 | |
| Nerubian Tower | 1 | |
| Necropolis | 1 | |
12 total
» build order
00:08 Ziggurat
00:11 Crypt
00:47 Altar of Darkness
01:04 Ziggurat
01:23 Graveyard
02:39 Ziggurat
03:39 Ziggurat
03:50 Crypt
03:54 Spirit Tower
04:03 Tomb of Relics
05:26 Nerubian Tower
05:58 Necropolis
DEATHISADRUMMER (
purple | 79 APM | 1727 actions | 21:54)
6 Archmage
3 Summon Water Elemental
2 Brilliance Aura
1 Mass Teleport
» actions
| Assign group hotkey | 77 | |
| Basic commands | 23 | |
| Build / train | 189 | |
| ESC pressed | 10 | |
| Enter build submenu | 69 | |
| Enter hero's abilities submenu | 6 | |
| Give item / drop item | 1 | |
| Right click | 421 | |
| Select / deselect | 342 | |
| Select group hotkey | 417 | |
| Use ability | 172 | |
1727 total
» units
| Peasant | 18 | |
| Footman | 5 | |
| Rifleman | 7 | |
| Wisp | 5 | |
| Sorceress | 1 | |
36 total
» upgrades
| Gunpowder | 3 | |
| Masonry | 4 | |
| Armor | 3 | |
| Long Rifles | 1 | |
| Lumber Harvesting | 2 | |
| Sorceress Training | 2 | |
| Priest Training | 2 | |
| Fragmentation Shards | 1 | |
| Barrage | 1 | |
| Flak Cannons | 1 | |
| Flying Machine Bombs | 1 | |
| Plating | 2 | |
| Swords | 1 | |
24 total
» buildings
| Altar of Kings | 1 | |
| Barracks | 1 | |
| Farm | 8 | |
| Lumber Mill | 2 | |
| Blacksmith | 1 | |
| Town Hall | 1 | |
| Arcane Vault | 1 | |
| Scout Tower | 30 | |
| Arcane Tower | 22 | |
| Spirit Tower | 4 | |
| Guard Tower | 50 | |
| Ancient Protector | 12 | |
| Keep | 4 | |
| Tree of Eternity | 4 | |
| Hunter's Hall | 1 | |
| Castle | 4 | |
| Arcane Sanctum | 2 | |
| Workshop | 5 | |
153 total
» build order
00:54 Altar of Kings
00:56 Barracks
00:59 Farm
01:07 Farm
01:20 Farm
01:50 Lumber Mill
01:57 Farm
02:37 Blacksmith
04:01 Town Hall
04:16 Arcane Vault
05:13 Scout Tower
05:41 Arcane Tower
05:41 Arcane Tower
05:41 Arcane Tower
05:42 Scout Tower
05:44 Scout Tower
06:12 Scout Tower
06:13 Scout Tower
06:14 Scout Tower
06:21 Spirit Tower
06:22 Spirit Tower
06:22 Spirit Tower
06:30 Guard Tower
06:35 Ancient Protector
06:37 Ancient Protector
06:42 Ancient Protector
06:43 Ancient Protector
06:46 Ancient Protector
06:53 Scout Tower
06:54 Scout Tower
07:01 Guard Tower
07:01 Guard Tower
07:05 Keep
07:06 Keep
07:06 Keep
07:51 Scout Tower
07:53 Scout Tower
07:53 Scout Tower
07:58 Scout Tower
08:23 Guard Tower
08:23 Guard Tower
08:24 Guard Tower
08:25 Scout Tower
08:26 Scout Tower
08:27 Scout Tower
08:36 Lumber Mill
08:40 Scout Tower
08:43 Scout Tower
08:46 Scout Tower
08:48 Scout Tower
09:01 Scout Tower
09:12 Guard Tower
09:13 Guard Tower
09:13 Guard Tower
09:22 Scout Tower
09:23 Scout Tower
09:25 Scout Tower
09:27 Guard Tower
09:27 Guard Tower
09:31 Guard Tower
09:31 Guard Tower
09:31 Guard Tower
09:32 Guard Tower
09:32 Guard Tower
09:32 Guard Tower
09:46 Guard Tower
09:46 Guard Tower
09:46 Guard Tower
09:48 Guard Tower
09:49 Guard Tower
09:49 Guard Tower
09:49 Guard Tower
10:06 Ancient Protector
10:10 Ancient Protector
10:25 Ancient Protector
10:30 Tree of Eternity
10:30 Tree of Eternity
10:35 Guard Tower
10:35 Guard Tower
10:36 Guard Tower
10:39 Scout Tower
10:40 Scout Tower
10:51 Ancient Protector
10:55 Ancient Protector
11:03 Ancient Protector
11:06 Ancient Protector
11:10 Hunter's Hall
11:19 Guard Tower
11:20 Guard Tower
11:20 Castle
11:24 Castle
11:24 Castle
11:31 Scout Tower
11:33 Scout Tower
12:10 Guard Tower
12:10 Guard Tower
12:11 Guard Tower
12:11 Guard Tower
12:29 Guard Tower
12:29 Guard Tower
12:35 Scout Tower
12:38 Scout Tower
12:51 Scout Tower
13:06 Arcane Sanctum
13:20 Arcane Tower
13:20 Arcane Tower
13:20 Arcane Tower
13:20 Arcane Tower
13:49 Arcane Tower
13:49 Arcane Tower
13:49 Arcane Tower
14:13 Arcane Tower
14:14 Arcane Tower
14:14 Arcane Tower
14:20 Arcane Tower
14:20 Arcane Tower
14:25 Farm
14:27 Farm
14:41 Arcane Tower
15:54 Workshop
16:40 Arcane Sanctum
16:46 Workshop
16:50 Workshop
17:26 Farm
17:29 Farm
21:23 Workshop
21:26 Workshop
» items
| Scroll of Regeneration | 2 | |
| Mechanical Critter | 2 | |
| Scroll of Healing | 1 | |
| Scroll of Protection | 1 | |
| Ivory Tower | 2 | |
| Scroll of Town Portal | 1 | |
| Staff of Sanctuary | 1 | |
| Potion of Healing | 1 | |
| Orb of Fire | 1 | |
12 total
XX430BLAZEINXXX (
green | 19 APM | 126 actions | 06:30)
1 Pit Lord
1 Rain of Fire
» actions
| Basic commands | 8 | |
| Build / train | 17 | |
| Enter build submenu | 8 | |
| Enter hero's abilities submenu | 1 | |
| Right click | 33 | |
| Select / deselect | 49 | |
| Use ability | 10 | |
126 total
» units
» buildings
| Moon Well | 4 | |
| Hunter's Hall | 1 | |
| Ancient of War | 1 | |
| Altar of Elders | 1 | |
| Tree of Ages | 1 | |
8 total
» build order
00:21 Moon Well
00:35 Hunter's Hall
01:40 Ancient of War
02:06 Moon Well
02:29 Altar of Elders
03:49 Tree of Ages
03:54 Moon Well
03:57 Moon Well
team 2 (winner)

»
HiImEmma (
teal | 77 APM | 1362 actions | 17:37)
4 Blood Mage
2 Banish
2 Flame Strike
» actions
| Assign group hotkey | 24 | |
| Basic commands | 47 | |
| Build / train | 126 | |
| ESC pressed | 3 | |
| Enter build submenu | 38 | |
| Enter hero's abilities submenu | 4 | |
| Give item / drop item | 1 | |
| Right click | 456 | |
| Select / deselect | 267 | |
| Select group hotkey | 311 | |
| Use ability | 84 | |
1362 total
» units
| Peasant | 45 | |
| Footman | 19 | |
| Dragonhawk Rider | 1 | |
65 total
» upgrades
| Lumber Harvesting | 2 | |
| Swords | 1 | |
| Animal War Training | 1 | |
| Cloud | 1 | |
| Defend | 1 | |
| Masonry | 1 | |
7 total
» buildings
| Altar of Kings | 2 | |
| Barracks | 3 | |
| Farm | 11 | |
| Arcane Vault | 2 | |
| Lumber Mill | 1 | |
| Town Hall | 1 | |
| Scout Tower | 11 | |
| Keep | 2 | |
| Arcane Tower | 2 | |
| Guard Tower | 17 | |
| Blacksmith | 2 | |
| Castle | 3 | |
| Gryphon Aviary | 3 | |
60 total
» build order
00:06 Altar of Kings
00:17 Barracks
00:20 Barracks
00:21 Farm
00:47 Farm
01:53 Farm
02:40 Farm
03:17 Arcane Vault
04:20 Lumber Mill
05:15 Town Hall
05:17 Scout Tower
05:18 Scout Tower
05:19 Scout Tower
05:19 Scout Tower
05:22 Scout Tower
05:30 Keep
05:45 Scout Tower
05:49 Arcane Tower
05:49 Arcane Tower
05:51 Guard Tower
05:51 Guard Tower
06:30 Guard Tower
07:19 Guard Tower
07:19 Guard Tower
07:46 Barracks
07:49 Blacksmith
07:53 Guard Tower
08:21 Farm
08:23 Farm
08:24 Farm
08:26 Farm
08:41 Castle
08:41 Castle
08:43 Farm
09:40 Gryphon Aviary
09:42 Gryphon Aviary
11:08 Gryphon Aviary
11:13 Farm
12:58 Scout Tower
12:59 Scout Tower
13:28 Guard Tower
13:28 Guard Tower
13:30 Scout Tower
13:30 Scout Tower
13:50 Altar of Kings
13:54 Arcane Vault
14:09 Guard Tower
14:09 Guard Tower
14:09 Guard Tower
14:09 Guard Tower
14:30 Guard Tower
14:30 Guard Tower
15:35 Farm
15:51 Scout Tower
16:46 Blacksmith
» items
| Scroll of Regeneration | 1 | |
| Lesser Clarity Potion | 7 | |
| Potion of Mana | 5 | |
| Potion of Healing | 1 | |
14 total
Mo$$$MoProblems (
red | 41 APM | 907 actions | 21:54)
5 Blademaster
3 Wind Walk
2 Critical Strike
» actions
| Assign group hotkey | 22 | |
| Basic commands | 44 | |
| Build / train | 49 | |
| Enter build submenu | 27 | |
| Enter hero's abilities submenu | 5 | |
| Give item / drop item | 4 | |
| Remove unit from queue | 1 | |
| Right click | 429 | |
| Select / deselect | 182 | |
| Select group hotkey | 79 | |
| Use ability | 65 | |
907 total
» units
» upgrades
| Reinforced Defenses | 1 | |
| Ranged Weapons | 3 | |
| Armor | 3 | |
| Burning Oil | 1 | |
8 total
» buildings
| Orc Burrow | 3 | |
| Altar of Storms | 1 | |
| Barracks | 3 | |
| War Mill | 2 | |
| Voodoo Lounge | 1 | |
| Stronghold | 1 | |
| Great Hall | 1 | |
| Fortress | 1 | |
| Watch Tower | 10 | |
| Beastiary | 3 | |
26 total
» build order
00:12 Orc Burrow
00:57 Orc Burrow
01:11 Altar of Storms
01:12 Barracks
02:20 War Mill
02:42 Voodoo Lounge
03:48 Stronghold
04:54 Great Hall
06:38 Fortress
06:45 Watch Tower
06:46 Watch Tower
06:46 Watch Tower
06:46 Watch Tower
08:13 Beastiary
08:13 Beastiary
10:01 Beastiary
11:33 Watch Tower
11:33 Watch Tower
11:34 Watch Tower
11:34 Watch Tower
11:58 Watch Tower
13:04 Barracks
13:06 Barracks
13:11 War Mill
15:13 Orc Burrow
» items
| Healing Salve | 1 | |
| Periapt of Vitality | 1 | |
| Potion of Lesser Invulnerability | 1 | |
3 total
HARRY-APE. (
pink | 60 APM | 1321 actions | 21:54)
5 Goblin Tinker
3 Pocket Factory
2 Engineering Upgrade
» actions
| Assign group hotkey | 29 | |
| Basic commands | 75 | |
| Build / train | 55 | |
| Enter build submenu | 12 | |
| Enter hero's abilities submenu | 5 | |
| Give item / drop item | 3 | |
| Right click | 619 | |
| Select / deselect | 221 | |
| Select group hotkey | 265 | |
| Use ability | 34 | |
1321 total
» units
| Peon | 20 | |
| Grunt | 3 | |
| Wind Rider | 4 | |
| Raider | 1 | |
| Demolisher | 3 | |
31 total
» upgrades
| Ranged Weapons | 1 | |
| Armor | 1 | |
| Melee Weapons | 1 | |
| Reinforced Defenses | 1 | |
| Burning Oil | 1 | |
5 total
» buildings
| Altar of Storms | 1 | |
| Orc Burrow | 5 | |
| Barracks | 1 | |
| Voodoo Lounge | 1 | |
| Stronghold | 5 | |
| War Mill | 1 | |
| Great Hall | 2 | |
| Beastiary | 3 | |
| Fortress | 1 | |
20 total
» build order
00:07 Altar of Storms
00:19 Orc Burrow
00:37 Barracks
01:23 Orc Burrow
02:16 Voodoo Lounge
03:13 Stronghold
03:13 Stronghold
03:14 Stronghold
03:14 Stronghold
03:45 War Mill
04:12 Orc Burrow
04:31 Great Hall
05:56 Beastiary
05:57 Beastiary
07:04 Great Hall
09:14 Beastiary
09:16 Fortress
09:21 Orc Burrow
09:21 Orc Burrow
» items
| Healing Salve | 2 | |
| Staff of Teleportation | 1 | |
| Scroll of Town Portal | 3 | |
6 total

»
DRACUL4 (
blue | 39 APM | 578 actions | 14:45)
4 Tauren Chieftain
2 Endurance Aura
2 War Stomp
» actions
| Build / train | 80 | |
| Enter build submenu | 23 | |
| Enter hero's abilities submenu | 4 | |
| Right click | 302 | |
| Select / deselect | 139 | |
| Use ability | 30 | |
578 total
» units
» upgrades
| Melee Weapons | 2 | |
| Armor | 2 | |
| Pillage | 1 | |
| Spiked Barricades | 1 | |
6 total
» buildings
| Orc Burrow | 7 | |
| Altar of Storms | 1 | |
| Barracks | 1 | |
| War Mill | 1 | |
| Voodoo Lounge | 1 | |
| Stronghold | 5 | |
| Great Hall | 1 | |
| Watch Tower | 4 | |
| Fortress | 1 | |
| Tauren Totem | 2 | |
| Spirit Lodge | 1 | |
25 total
» build order
00:04 Orc Burrow
00:13 Altar of Storms
01:26 Barracks
01:34 Orc Burrow
02:03 Orc Burrow
02:11 War Mill
02:27 Voodoo Lounge
04:00 Stronghold
04:00 Stronghold
04:01 Stronghold
04:01 Stronghold
04:43 Orc Burrow
05:45 Orc Burrow
06:25 Great Hall
06:56 Orc Burrow
08:24 Watch Tower
08:29 Watch Tower
08:33 Watch Tower
08:51 Orc Burrow
09:57 Watch Tower
10:55 Fortress
13:50 Tauren Totem
13:52 Tauren Totem
13:55 Spirit Lodge
» items
| Healing Salve | 1 | |
| Scroll of Town Portal | 1 | |
| Scroll of Protection | 1 | |
3 total
Chat log
(00:14 / Allies) ursilly: sup
(00:15 / Allies) ursilly: 100g
(00:15 / Allies) DelroyIsANiger: hi
(00:17 / Allies) ursilly: perleeease
(00:25 / Allies) DEATHISADRUMMER: delroy is a nigger
(00:27 / Allies) ursilly: 100g pls
(00:28 / All) Mo$$$MoProblems: I DONT KNOW WHAT THEY WANT FROM ME
(00:34 / All) Mo$$$MoProblems: ITS LIKE THE MO MONEY WE COME ACROSS THE MO PROBLEMS WE SEE
(00:39 / All) ursilly: shh
(00:43 / Allies) ursilly: 100g
(00:44 / Allies) ursilly: 100g
(00:54 / Allies) DelroyIsANiger: did anyone give
(00:57 / Allies) ursilly: i will literally unsummon my hall if i dont get 100g
(00:59 / Allies) ursilly: no bruh
(01:01 / Allies) ursilly: fucking retards man
(01:02 / Allies) DelroyIsANiger: rest in peace
(01:04 / Allies) DEATHISADRUMMER: unsummon then bitch
(01:11 / Allies) ursilly: deal with it hoe
(01:12 / Allies) DEATHISADRUMMER: see if we care
(01:13 / Allies) DEATHISADRUMMER: out
(01:15 / Allies) ursilly: cya
(01:16 / Allies) DEATHISADRUMMER: you're my expo now
(01:20 / Allies) XX430BLAZEINXXX: yea see ya
(01:23 / All) Mo$$$MoProblems: Trump = Batman
(01:27 / Allies) DEATHISADRUMMER: thanks for the easy expo bitch boy
(01:32 / Allies) ursilly: im not leaving tho
(01:37 / Allies) ursilly: and no you aitn expoing my shit hoe
(01:43 / Allies) DelroyIsANiger: u staying tier 1 all game
(01:45 / Allies) DelroyIsANiger: lul
(01:47 / Allies) ursilly: yup
(01:51 / Allies) DelroyIsANiger: xD
(01:54 / Allies) DelroyIsANiger: nice
(01:56 / Allies) XX430BLAZEINXXX: u gonna tower pussy?
(01:57 / Allies) ursilly: since this is obviously a fuck-it match
(02:05 / All) DEATHISADRUMMER: YOU'RE A RETARD YELLOW
(02:11 / Allies) ursilly: should have golded me
(02:14 / Allies) ursilly: now pay the price
(02:14 / Allies) XX430BLAZEINXXX: guys
(02:16 / Allies) XX430BLAZEINXXX: attack
(02:16 / Allies) XX430BLAZEINXXX: now
(02:18 / Allies) XX430BLAZEINXXX: hit yellow
(02:19 / Allies) DEATHISADRUMMER: as if we care you are trash anyway
(02:30 / Allies) ursilly: k
(02:40 / All) Mo$$$MoProblems: yellow is a lil bitch boy LOL
(02:47 / All) ursilly: :)
(02:47 / All) Mo$$$MoProblems: Im gonna fuck that noob up
(02:48 / All) DEATHISADRUMMER: he tked since he didn't get 100g LOL
(02:49 / All) DEATHISADRUMMER: what a bitch
(02:52 / All) ursilly: lmao
(02:56 / All) ursilly: i didnt tk
(02:57 / All) DEATHISADRUMMER: whiny slut
(02:59 / All) Mo$$$MoProblems: he was scared of me
(03:02 / All) ursilly: i just unsummoned hall
(03:08 / All) Mo$$$MoProblems: he knew he was gonna get raped by me
(03:11 / All) DEATHISADRUMMER: and won't let us expo you
(03:17 / All) ursilly: nope
(03:21 / All) ursilly: should have golded
(03:22 / All) DRACUL4: you know yellow
(03:23 / All) DEATHISADRUMMER: I'll expo you by force
(03:25 / All) ursilly: now you have to be taught a lesson
(03:31 / All) Mo$$$MoProblems: YELLOW IS A SCARED LITTLE BOY
(03:34 / All) DEATHISADRUMMER: prepare for rape yellow
(03:35 / All) Mo$$$MoProblems: WANTS HIS MAMA
(03:37 / All) DRACUL4: ur mommy say yummy yummy when i spread my cum on her mouth
(03:44 / All) DelroyIsANiger: lulull
(04:16 / All) Mo$$$MoProblems: BABY WANT HIS BINKIE?
(04:20 / All) ursilly: LMAO
(05:30 / Allies) ursilly: green wow
(05:32 / Allies) ursilly: so smart
(06:07 / Allies) DEATHISADRUMMER: you're my expo yellow
(06:07 / All) ursilly: gg
(06:09 / All) ursilly: allies got mad
(07:25 / All) HiImEmma: NIGGA GAME IS OVER WHY U NEED WOOD
(08:54 / All) DEATHISADRUMMER: gg leave trash
(09:10 / All) HiImEmma: leave purp
(09:18 / All) DEATHISADRUMMER: why would I leave when you're the one who lost
(09:24 / All) HiImEmma: fuck off
(09:27 / All) DRACUL4: purpi
(09:29 / All) DRACUL4: plz
(09:35 / All) DEATHISADRUMMER: you lose
(09:41 / All) DEATHISADRUMMER: leave now or leave after the defeat screen, your choice
(09:43 / All) Mo$$$MoProblems: WE WUZ KANGZ
(09:44 / All) DEATHISADRUMMER: save yourself some pain
(09:57 / All) DEATHISADRUMMER: save the butthurt imo and just leave now
(10:25 / All) HARRY-APE.: who wants claws 15
(11:28 / All) HiImEmma: purp u stupid dyke
(11:41 / All) DEATHISADRUMMER: you lose, please leave and give me my win
(11:47 / All) DEATHISADRUMMER: you are shit and you lost, get out
(12:11 / All) DRACUL4: purpi piece of shit
(12:21 / All) DEATHISADRUMMER: out loser
(12:44 / All) HARRY-APE.: fuck u teal
(12:45 / All) Mo$$$MoProblems: 2 orbs
(12:45 / All) HARRY-APE.: u nigger
(12:47 / All) Mo$$$MoProblems: garbage
(13:00 / All) HARRY-APE.: so much for teal saying "its over why u need wood"
(13:17 / All) DRACUL4: so much pain in ur hearth purpi....
(13:25 / All) HARRY-APE.: suck my dick mutha fuka
(13:27 / All) DEATHISADRUMMER: I'm in joy
(13:31 / All) DEATHISADRUMMER: so happy I win
(13:32 / All) DEATHISADRUMMER: WOOHOO
(13:33 / All) DEATHISADRUMMER: WOOOO
(14:05 / All) DRACUL4: piece of shit
(14:07 / All) HARRY-APE.: fuck u blue
(14:08 / All) HARRY-APE.: u homo
(14:09 / All) DEATHISADRUMMER: leave loser
(14:49 / All) DEATHISADRUMMER: leave plz
(14:50 / All) DEATHISADRUMMER: give me my win
(14:52 / All) Mo$$$MoProblems: lol
(14:52 / All) DEATHISADRUMMER: out loser
(15:01 / All) DEATHISADRUMMER: teal you lost please give me my win
(15:07 / All) DEATHISADRUMMER: I'm winning, feels SO good
(15:15 / All) DEATHISADRUMMER: leave teal, ok loser?
(16:48 / All) Mo$$$MoProblems: daddy's coming teal
(17:39 / All) DEATHISADRUMMER: lol
(17:40 / All) HARRY-APE.: lawl
(17:44 / All) DEATHISADRUMMER: 2 bad games
(17:45 / All) Mo$$$MoProblems: lawl
(17:50 / All) DEATHISADRUMMER: they sure shut up when they got tked
(18:01 / All) DEATHISADRUMMER: I tried whispering teal
(18:02 / All) HARRY-APE.: never waste a markets quare game. should always be nice teo allies on it
(18:05 / All) DEATHISADRUMMER: "that user is not logged on"
(18:11 / All) DEATHISADRUMMER: I did nothing, idiot
(18:17 / All) DEATHISADRUMMER: Yellow asked for 100 gold
(18:21 / All) DEATHISADRUMMER: No one gave him it and he unsummoned
(18:26 / All) HARRY-APE.: i see him
(18:28 / All) DEATHISADRUMMER: why are you always so quick to be a retard and blame it on us
(18:33 / All) DEATHISADRUMMER: when an ally tks
(18:34 / All) HARRY-APE.: sorry bob
(18:43 / All) Mo$$$MoProblems: he got double pulted lol
(18:48 / All) Mo$$$MoProblems: thought he was slick with them towers
(18:50 / All) HARRY-APE.: teal got owne dup the ass
(19:09 / All) DEATHISADRUMMER: who lose
(19:18 / All) DEATHISADRUMMER: my team 3 legit but they left fast anyway
(19:24 / All) DEATHISADRUMMER: yellow was a retard
(19:28 / All) DEATHISADRUMMER: but he's 1-1
(19:30 / All) Mo$$$MoProblems: delroyisaniger should lose
(19:39 / All) DEATHISADRUMMER: green 31-46
(19:46 / All) DEATHISADRUMMER: orange 38-51
(19:48 / All) DEATHISADRUMMER: what's your team stats
(20:16 / All) DEATHISADRUMMER: blue 6-24 LOL
(20:20 / All) Mo$$$MoProblems: teal's user name is Hi Im Emma
(20:25 / All) Mo$$$MoProblems: not HiLmemma
(20:26 / All) DEATHISADRUMMER: how do you even get that bad of a record
(20:40 / All) Mo$$$MoProblems: I sent two whispers no reply
(20:56 / All) DEATHISADRUMMER: sent teal a whisper
(21:13 / All) DEATHISADRUMMER: "thanks for the easy win noob" no reply
(21:31 / All) DEATHISADRUMMER: k my team lose